 Dungeon Crawl Stone Soup version 0.29.1-15-g9cfb28693d (webtiles) character file.

Game seed: 13833693598344205920

413 Ast3rio the Chopper (level 6, -8/84 HPs)
             Began as a Minotaur Berserker on Feb 27, 2023.
             Was a Believer of Trog.
             Mangled by an ogre
             ... wielding a +0 giant club
              (26 damage)
             ... on level 5 of the Dungeon.
             The game lasted 00:07:01 (3431 turns).

Ast3rio the Chopper (Minotaur Berserker)            Turns: 3431, Time: 00:07:01

Health: -8/84      AC: 11    Str: 24    XL:     6   Next: 59%
Magic:  5/5        EV:  7    Int:  4    God:    Trog [**....]
Gold:   253        SH:  0    Dex:  9    Spells: 5/5 levels left

rFire   . . .      SeeInvis .   a - +0 hand axe
rCold   . . .      Faith    .   (no shield)
rNeg    . . .      Spirit   .   l - +0 plate armour
rPois   .          Reflect  .   (helmet restricted)
rElec   .          Harm     .   (no cloak)
rCorr   .          Rampage  .   (no gloves)
Will    .....                   (no boots)
Stlth   ..........              (no amulet)
HPRegen 0.24/turn               (no ring)
MPRegen 0.09/turn               (no ring)

@: berserking (expiring), lethally poisoned (-8 -> -22), very quick
A: horns 2, retaliatory headbutt
a: Renounce Religion, Berserk, Trog's Hand


You were on level 5 of the Dungeon.
You worshipped Trog.
Trog was pleased with you.
You visited 1 branch of the dungeon, and saw 5 of its levels.

You collected 253 gold pieces.

Inventory:

Hand Weapons
 a - a +0 hand axe (weapon)
Missiles
 n - 2 throwing nets (quivered)
Armour
 b - a +0 animal skin
 l - a +0 plate armour (worn)
Jewellery
 j - a ring of poison resistance
 y - a ring of magical power
 A - a ring of see invisible
Wands
 w - a wand of paralysis (7)
Scrolls
 c - 2 scrolls of immolation {unknown}
 d - 4 scrolls of identify {unknown}
 f - 2 scrolls of amnesia {unknown}
 h - a scroll of torment {unknown}
 i - 2 scrolls of blinking {unknown}
 m - a scroll of enchant weapon {unknown}
 p - a scroll of brand weapon {unknown}
 q - a scroll of enchant armour {unknown}
 s - 2 scrolls of teleportation {unknown}
 t - 2 scrolls of magic mapping {unknown}
 x - a scroll of fear {unknown}
Potions
 e - a potion of heal wounds {unknown}
 g - 4 potions of curing {unknown}
 k - 2 potions of flight {unknown}
 o - a potion of berserk rage {unknown}
 r - a potion of brilliance {unknown}
 u - a potion of cancellation {unknown}
 v - a potion of ambrosia {unknown}
 z - 2 potions of mutation {unknown}


   Skills:
 + Level 5.4 Fighting
 + Level 6.8 Axes
 + Level 4.3 Armour
 + Level 2.6 Dodging


You had 5 spell levels left.
You didn't know any spells.
Your spell library was empty.

Dungeon Overview and Level Annotations

Branches:
Dungeon (5/15)
 Temple: D:4-7

Altars:
Cheibriados
Gozag
Nemelex Xobeh
Ru
Vehumet
Xom
Yredelemnul
The Shining One

Annotations:
D:4 3 runed translucent doors, dudediamond6's ghost, amateur OpBr
D:5 Edmund


Innate Abilities, Weirdness & Mutations

You have a pair of horns on your head.
You reflexively headbutt those who attack you in melee.


Message History

You closely miss the orc.
The orc is severely wounded.
The orc hits you with a +0 flail.
A red film seems to cover your vision as you go berserk!
You feel yourself moving faster!
You feel mighty! The orc closely misses you.
Edmund hits you with a +2 dire flail of venom!
You are poisoned.
The orc hits you but does no damage.
You closely miss Edmund. You hit the orc.
You kill the orc!
Trog accepts your kill.
You feel sick.
Edmund gestures with his flail.
Edmund hits you with a +2 dire flail of venom!
You closely miss Edmund.
You feel sick.
You hit Edmund. Your headbutt misses Edmund.
Edmund is lightly wounded.
You feel sick.
Edmund hits you with a +2 dire flail of venom!
You are more poisoned.
You closely miss Edmund. You headbutt Edmund!
Edmund is moderately wounded.
You hit the ogre.
You feel very sick. Edmund barely misses you.
The ogre hits you with a +0 giant club!!
You hit Edmund. Your headbutt misses Edmund.
Edmund is moderately wounded.
You hit the ogre.
* * * LOW HITPOINT WARNING * * *
You feel very sick.
You hit Edmund.
Edmund is heavily wounded.
You slash the ogre!
You feel sick. Edmund hits you but does no damage.
You closely miss Edmund.
Edmund is heavily wounded.
You completely miss the ogre.
You feel very sick.
The ogre hits you with a +0 giant club!!
You die...

#.#....##....... ..
................ ##.
#.#....##..#.#..
...##.#...(##....#..
..............#.#..
#..#.#....##..#.#..
#..#..........#.##.
.#####.O#.#....###.#.##.
......@@....<...........
.###..............##.##.
#.................##.
#..#.#.###...........
#..#.#.##......##....
#..#.#.###.)...##....
######..#..............###
#.........................
#.##....##..####..........


You could see Edmund and an ogre.

Vanquished Creatures
  An ice beast (D:5)
  A black bear (D:4)
  Terence (D:3)
  An iguana (D:4)
  6 gnolls
  5 adders
  An ufetubus (D:5)
  9 orcs
  5 ball pythons
  6 endoplasms
  3 giant cockroaches
  2 goblins
  7 hobgoblins
  4 kobolds
  A quokka (D:4)
  3 bats
  3 frilled lizards (D:3)
  5 rats
64 creatures vanquished.

Notes
Turn   | Place    | Note
-------+----------+-------------------------------------------
     0 | D:1      | Ast3rio the Minotaur Berserker began the quest for the Orb.
     0 | D:1      | Reached XP level 1. HP: 19/19 MP: 0/0
   165 | D:1      | Reached XP level 2. HP: 27/27 MP: 1/1
   300 | D:1      | Reached skill level 4 in Axes
   812 | D:2      | Found a shimmering altar of Xom.
   816 | D:2      | Reached ** piety under Trog
   830 | D:2      | Reached XP level 3. HP: 33/34 MP: 2/2
   851 | D:2      | You fall into a shaft and drop 1 floor!
   880 | D:3      | Reached XP level 4. HP: 5/41 MP: 3/3
  1349 | D:3      | Noticed Terence
  1354 | D:3      | Killed Terence
  1355 | D:3      | Reached skill level 5 in Axes
  1358 | D:3      | Found a sacrificial altar of Ru.
  1769 | D:3      | Reached skill level 5 in Fighting
  2026 | D:4      | Reached XP level 5. HP: 35/48 MP: 4/4
  2282 | D:4      | Noticed a black bear
  2300 | D:4      | Killed a black bear
  2301 | D:4      | Reached skill level 6 in Axes
  2595 | D:4      | Reached XP level 6. HP: 49/56 MP: 5/5
  2876 | D:4      | Found a runed translucent gate.
  2876 | D:4      | Found a runed translucent gate.
  2876 | D:4      | Found a runed translucent gate.
  2877 | D:4      | Noticed dudediamond6's ghost (amateur OpBr)
  2961 | D:4      | Found a glowing golden altar of the Shining One.
  2963 | D:4      | Found a snail-covered altar of Cheibriados.
  2963 | D:4      | Found a sparkling altar of Nemelex Xobeh.
  2963 | D:4      | Found a basalt altar of Yredelemnul.
  2992 | D:4      | Found an opulent altar of Gozag.
  2994 | D:4      | Found a radiant altar of Vehumet.
  3074 | D:5      | Entered Level 5 of the Dungeon
  3099 | D:5      | Noticed an ice beast
  3113 | D:5      | Killed an ice beast
  3419 | D:5      | Noticed Edmund
  3431 | D:5      | Mangled by an ogre

Illustrated notes

Levels and vault maps discovered:
D:1:      erik_arrival_triangle_small, layout_rooms
D:2:      layout_loops_cross, ebering_ecumenical_altar_petrified, basic_altar,
          chequers_serial_rivers_micro_d, serial_park_tiny_2
D:3:      layout_basic, nicolae_ru_awakened_eye, uniq_terence
D:4:      layout_cave_pools, minmay_overflow_temple_hex,
          ebering_ghost_rock_garden, kennysheep_small_circle
D:5:      layout_basic, gammafunk_temple_overflow_forgotten, uniq_pikel,
          uniq_ijyb, uniq_edmund

Skill      XL: |  1  2  3  4  5 |
---------------+----------------+-----
Fighting       | 4 5 |  5.4
Axes           | 4 5 6 |  6.8
Armour         | 3 4 |  4.3
Dodging        | |  2.6

Action                   |  1- 3 |  4- 6 || total
-------------------------+-------+-------++-------
Melee: Hand axe          |    63 |   118 ||   181
       Headbutt          |    16 |    20 ||    36
       Punch             |       |     1 ||     1
Invok: Berserk           |     1 |     2 ||     3
Armor: Plate armour      |    26 |    80 ||   106
       Animal skin       |     1 |       ||     1
Dodge: Dodged            |    29 |    46 ||    75
